 Dungeon Crawl Stone Soup version 0.31-a0-236-g9a0961fb85 (webtiles) character file.

Game seed: 771095465036939025

132 qw the Shooter (level 4, -2/37 HPs)
             Began as a Minotaur Hexslinger on July 10, 2023.
             Killed from afar by Sigmund (9 damage)
             ... with a magic dart
             ... on level 4 of the Dungeon.
             The game lasted 00:01:07 (2849 turns).

qw the Shooter (Minotaur Hexslinger)                Turns: 2849, Time: 00:01:08

Health: -2/37      AC:  6    Str: 12    XL:     4   Next: 92%
Magic:  4/4        EV: 11    Int: 10    God:
Gold:   146        SH:  0    Dex: 15    Spells: 4/5 levels left

rFire   . . .        Y - +1 sling
rCold   . . .        (no shield)
rNeg    . . .        a - +0 ring mail
rPois   .            (helmet restricted)
rElec   .            (no cloak)
rCorr   .            (no gloves)
SInv    .            k - +0 pair of boots
Will    .....        (no amulet)
Stlth   +            (no ring)
HPRegen 0.26/turn    (no ring)
MPRegen 0.09/turn

%: no passive effects
@: no status effects
A: horns 2, retaliatory headbutt
a: no special abilities


You were on level 4 of the Dungeon.
You visited 1 branch of the dungeon, and saw 4 of its levels.

You collected 146 gold pieces.


Innate Abilities, Weirdness & Mutations

You have a pair of horns on your head.
You reflexively headbutt those who attack you in melee.


   Skills:
 - Level 2.9 Fighting
 - Level 5.0 Ranged Weapons
 + Level 0.2 Armour
 - Level 2.1 Dodging
 - Level 1.0 Spellcasting
 - Level 2.0 Hexes


You had 4 spell levels left.
You knew the following spells:

 Your Spells              Type           Power      Damage    Failure   Level
a - Slow                  Hex            16%        N/A       34%         1

Your spell library contained the following spells:

 Spells                   Type           Power      Damage    Failure   Level
 Inner Flame              Hex/Fire       2%         N/A       83%         3
 Portal Projectile        Hex/Tloc       4%         N/A       83%         3
 Cause Fear               Hex            2%         N/A       98%         4

Inventory:

Hand Weapons
 Y - a +1 sling (weapon)
Armour
 a - a +0 ring mail (worn)
 k - a +0 pair of boots (worn)
Scrolls
 g - a scroll of identify
Potions
 d - a potion of might
 e - 2 potions of haste
 f - a potion of mutation {unknown}
 j - 2 potions of curing
 l - a potion of lignification {unknown}
 m - a potion of brilliance {unknown}
 o - a potion of enlightenment {unknown}

Dungeon Overview and Level Annotations

Branches:
Dungeon (4/15)
 Temple: D:4-7

Altars:

Annotations:
D:4 Sigmund


Message History

The giant cockroach is almost dead.
You hear some strange, mumbled words.
You are confused.
Something hits you.
2841 ||| DRINKING 3 potions of curing.
You feel better.
2841 ||| (to cure confusion)
Your surroundings seem slightly different.
You shoot a sling bullet. The sling bullet hits the orc.
The orc is almost dead.
The giant cockroach waves its antennae.
You shoot a sling bullet.
The sling bullet closely misses the orc.
The sling bullet barely misses the dart slug.
The dart slug launches a dart at you. The slug dart hits you.
You shoot a sling bullet. The sling bullet hits the orc.
You kill the orc!
You shoot a sling bullet.
The sling bullet barely misses the giant cockroach.
The giant cockroach waves its antennae.
The giant cockroach barely misses you.
You shoot a sling bullet.
The sling bullet hits the giant cockroach but does no damage.
The giant cockroach is almost dead.
The giant cockroach closely misses you. You furiously retaliate!
You headbutt the giant cockroach!
You kill the giant cockroach!
You shoot a sling bullet.
You hear a zap.
A puff of flame appears from out of thin air!
The puff of flame hits you. Something hits you but does no damage.
You shoot a sling bullet. The sling bullet hits the dart slug.
The dart slug is moderately wounded.
A magic dart appears from out of thin air!
The magic dart hits you.
You shoot a sling bullet. The sling bullet hits the dart slug!
The dart slug is almost dead.
A magic dart appears from out of thin air!
The magic dart hits you!
You die...

#####..##
##.......#
##...#.....
#.<..#.....
#....#. $
#.......
#...w{#..#
#....%# ..
##...@# .
##..........
######.....
...# ###


You could see a dart slug.

Vanquished Creatures
  7 adders
  A dart slug (D:3)
  An orc (D:4)
  6 endoplasms
  4 giant cockroaches
  7 goblins
  6 hobgoblins
  6 jackals (D:1)
  3 kobolds
  4 quokkas
  7 ball pythons
  5 bats
  3 frilled lizards
  4 rats
64 creatures vanquished.

Notes
Turn   | Place    | Note
-------+----------+-------------------------------------------
     0 | D:1      | qw the Minotaur Hexslinger began the quest for the Orb.
     0 | D:1      | Reached XP level 1. HP: 16/16 MP: 1/1
     0 | D:1      | 0 ||| qw: Version: 0.3-a-52-g30416fa
     0 | D:1      | 0 ||| qw: Game counter: 4743
     0 | D:1      | 0 ||| qw: Melee chars always use a shield: true
     0 | D:1      | 0 ||| qw: God list: Okawaru
     0 | D:1      | 0 ||| qw: Allow faded altars: false
     0 | D:1      | 0 ||| qw: Do Orc after clearing Dungeon:15 true
     0 | D:1      | 0 ||| qw: Do second Lair branch before Depths: true
     0 | D:1      | 0 ||| qw: Lair rune preference: random
     0 | D:1      | 0 ||| qw: Goals: Normal
     0 | D:1      | 0 ||| PLANNING D:1-11
   139 | D:1      | Reached skill level 3 in Ranged Weapons
   155 | D:1      | Reached XP level 2. HP: 23/23 MP: 2/2
   161 | D:1      | HP: 5/23 [jackal (2)]
   161 | D:1      | HP: 2/23 [jackal (3)]
   185 | D:1      | 185 ||| FLEEEEING.
   186 | D:1      | 186 ||| FLEEEEING.
   187 | D:1      | 187 ||| FLEEEEING.
   188 | D:1      | 188 ||| FLEEEEING.
   193 | D:1      | 193 ||| Stepping ~*~*~tactically~*~*~ (water).
   505 | D:1      | 505 ||| READING scroll labelled MEYSATHAUXA.
   506 | D:1      | 506 ||| FLEEEEING.
   507 | D:1      | 507 ||| FLEEEEING.
   508 | D:1      | 508 ||| FLEEEEING.
   509 | D:1      | 509 ||| FLEEEEING.
   544 | D:1      | Reached XP level 3. HP: 29/29 MP: 3/3
   914 | D:1      | 914 ||| READING scroll labelled QUUQIN ENLU.
   965 | D:1      | 965 ||| READING 2 scrolls labelled ENGIWO BURET.
   966 | D:1      | 966 ||| READING scroll labelled BEAXU QANWI.
   967 | D:1      | 967 ||| READING scroll labelled ASOEME ZOJAPY.
  1068 | D:1      | 1068 ||| DROPPING scroll of poison.
  1106 | D:2      | 1106 ||| STAIRDANCE
  1190 | D:2      | Reached skill level 4 in Ranged Weapons
  1537 | D:2      | 1537 ||| FLEEEEING.
  1538 | D:2      | 1538 ||| FLEEEEING.
  1539 | D:2      | 1539 ||| FLEEEEING.
  1540 | D:2      | 1540 ||| FLEEEEING.
  1541 | D:2      | 1541 ||| FLEEEEING.
  1542 | D:2      | 1542 ||| FLEEEEING.
  1546 | D:2      | 1546 ||| FLEEEEING.
  1547 | D:2      | 1547 ||| FLEEEEING.
  1550 | D:2      | 1550 ||| FLEEEEING.
  1551 | D:2      | 1551 ||| FLEEEEING.
  1552 | D:2      | 1552 ||| FLEEEEING.
  1553 | D:2      | 1553 ||| FLEEEEING.
  1554 | D:2      | 1554 ||| FLEEEEING.
  1555 | D:2      | 1555 ||| FLEEEEING.
  1556 | D:2      | 1556 ||| FLEEEEING.
  1557 | D:2      | 1557 ||| FLEEEEING.
  1641 | D:2      | Reached XP level 4. HP: 35/36 MP: 4/4
  2100 | D:2      | 2100 ||| READING scroll labelled ZUGIEZ CEUCW.
  2101 | D:2      | 2101 ||| READING scroll labelled NAEGIEDDISIC.
  2102 | D:2      | 2102 ||| DRINKING 3 puce potions.
  2217 | D:3      | Reached skill level 5 in Ranged Weapons
  2688 | D:3      | 2688 ||| UPGRADING to +0 ring mail.
  2698 | D:3      | 2698 ||| DROPPING +0 robe.
  2699 | D:3      | 2699 ||| UPGRADING to +0 pair of boots.
  2704 | D:3      | 2704 ||| READING scroll labelled GIASHR TOPH.
  2705 | D:3      | 2705 ||| DRINKING 3 amethyst potions.
  2706 | D:3      | 2706 ||| DRINKING 2 green potions.
  2810 | D:3      | 2810 ||| READING 3 scrolls of identify.
  2810 | D:3      | 2810 ||| IDENTIFYING brown potion
  2811 | D:3      | 2811 ||| READING 2 scrolls of identify.
  2811 | D:3      | 2811 ||| IDENTIFYING sedimented yellow potion
  2812 | D:3      | 2812 ||| DROPPING potion of ambrosia.
  2813 | D:3      | 2813 ||| DROPPING potion of berserk rage.
  2819 | D:4      | Noticed Sigmund
  2838 | D:4      | HP: 5/37 [something (6)]
  2839 | D:4      | 2839 ||| READING scroll of teleportation.
  2841 | D:4      | 2841 ||| DRINKING 3 potions of curing.
  2841 | D:4      | 2841 ||| (to cure confusion)
  2848 | D:4      | HP: 7/37 [something/magic dart (3)]
  2849 | D:4      | Killed from afar by Sigmund

Levels and vault maps discovered:
D:1:      grunt_arrival_crossed_arrows, layout_basic,
          chequers_serial_rivers_small_b, solitary_fountain, chequers_big_river,
          chequers_serial_rivers_room_a, minmay_distorted
D:2:      layout_loops_cross, serial_glass, glass_columns_a, glass_columns_b,
          glass_columns_a, glass_columns_a, glass_columns_c, glass_columns_a,
          glass_columns_a, glass_columns_a, kennysheep_small_spiral
D:3:      layout_basic, kennysheep_potato
D:4:      nicolae_cairo_tiling_large_dashed, layout_rooms,
          nicolae_ashenzari_skybound, serial_glass, glass_columns_a,
          glass_columns_c, serial_shops, shop, uniq_crazy_yiuf_cottage,
          uniq_sigmund, uniq_robin, uniq_duvessa

Skill      XL: |  1  2  3  4 |
---------------+-------------+-----
Ranged Weapons | 3 4 5 |  5.0
Fighting       | 2 |  2.9
Armour         | |  0.2
Dodging        | |  2.1
Spellcasting   | |  1.0
Hexes          | |  2.0

Action                     |  1- 3 |  4- 6 || total
---------------------------+-------+-------++-------
   Fire: Sling             |   155 |    93 ||   248
    Use: Scroll            |     5 |     6 ||    11
         Potion            |       |     4 ||     4
 Armour: Robe              |    16 |     4 ||    20
         Ring mail         |       |     2 ||     2
  Dodge: Dodged            |    63 |    24 ||    87

Table legend:
 A = Non-vault XP
 B = Vault XP
 C = Vault XP percentage of total XP
 D = Non-vault monster count
 E = Vault monster count
 F = Vault count percentage of total count
                 A         B        C        D         E       F
            +---------+---------+-------+---------+---------+-------
      Total |     168 |      21 |  11.1 |      59 |       5 |   7.8
            +---------+---------+-------+---------+---------+-------
        D:1 |      58 |       1 |   1.7 |      28 |       1 |   3.4
        D:2 |      69 |       0 |   0.0 |      21 |       0 |   0.0
        D:3 |      36 |      20 |  35.7 |       8 |       4 |  33.3
        D:4 |       5 |       0 |   0.0 |       2 |       0 |   0.0
            +---------+---------+-------+---------+---------+-------
